AoeStats
← A Little Bit of Home

Nomad

509624041Analyzed
4v4 RM · 5d ago on Sep 27, 2026· 30m 27s· 8 players
Game mode
Random Map
Map size
231×231
Population
200
Speed
Normal
Resources
Standard
Victory
Conquest
Starting age
Dark Age
Ending age
Imperial Age
RankedLock teamsTeams togetherTeam positionsShared explorationLock speedFull tech treeHidden civsTurbo modeCheats
Victory
Defeat
🇨🇳 Berbers · China
1290
+14
🇨🇳 Bohemians · China
1288
+14
🇨🇦 Ethiopians · Canada
1271
+14
🇨🇦 Italians · Canada
1271
+14
🇨🇳 Japanese · China
1582
-27
🇭🇰 Koreans · Hong Kong SAR China
1143
-10
🇨🇳 Gurjaras · China
1142
-10
🇨🇳 Jurchens · China
1108
-9
永远在进步
6:32 Loom
13:18 Feudal Age
14:40 Double-Bit Axe
17:07 Fishing Lines
17:31 Fishing Lines
20:07 Castle Age
18:11 Horse Collar
21:45 Bow Saw
21:39 Heavy Plow
23:53 Gillnets
24:52 Wheelbarrow
25:31 Town Watch
25:46 Fletching
25:56 Padded Archer Armor
27:04 Hand Cart
28:02 Gold Mining
28:09 Stone Mining
30:38 Gold Shaft Mining
30:38 Stone Shaft Mining
30:07 Bodkin Arrow
30:27 Leather Archer Armor
时大爷
12:27 Feudal Age
13:47 Double-Bit Axe
15:03 Loom
25:51 Fletching
30:47 Castle Age
Samwise Gamgee
4:44 Loom
9:50 Loom
13:30 Feudal Age
16:22 Double-Bit Axe
25:21 Castle Age
A Little Bit of Home
10:22 Loom
14:05 Feudal Age
18:55 Castle Age
18:22 Double-Bit Axe
19:55 Bow Saw
20:43 Medium Warships
23:17 Demolition Ship
23:40 Horse Collar
30:41 Wheelbarrow
酸菜鱼
3:10 Loom
12:07 Feudal Age
12:46 Double-Bit Axe
21:40 Castle Age
21:14 Fletching
21:46 Gold Mining
22:36 Medium Warships
25:01 Bow Saw
26:39 Fishing Lines
29:25 Scale Barding Armor
29:30 Forging
29:15 Horse Collar
Hotaru猪
13:55 Feudal Age
14:41 Double-Bit Axe
14:46 Loom
17:28 Castle Age
15:59 Gold Mining
18:35 Bow Saw
19:52 Medium Warships
21:58 Wheelbarrow
22:12 Horse Collar
22:35 Stone Mining
23:41 Fishing Lines
29:12 Imperial Age
26:56 Scale Mail Armor
27:07 Forging
29:03 Hand Cart
31:20 Imperial Age
29:37 Chain Mail Armor
29:46 Squires
30:47 Iron Casting
扎耶旦
5:22 Loom
12:57 Feudal Age
16:48 Castle Age
27:57 Fletching
29:22 Bodkin Arrow
露米娜斯·阳痕
9:15 Loom
15:30 Feudal Age
16:44 Double-Bit Axe
16:58 Town Watch
19:09 Wheelbarrow
19:06 Gold Mining
19:44 Stone Mining
21:56 Castle Age
20:22 Scale Barding Armor
20:27 Forging
20:35 Fishing Lines
21:29 Horse Collar
23:10 Bow Saw
23:30 Chain Barding Armor
23:53 Gold Shaft Mining
24:01 Bloodlines
23:51 Husbandry
25:21 Iron Casting
24:58 Husbandry
30:10 Hand Cart
Connection lost

Rejoining the realm…

Still unreachable

The connection could not be restored.

Session expired

The server has moved on; the page needs a fresh start.